Hakan, chaotic male elven Ranger ----------- --------- ------- ---- ------ #..........| |.-..|..| -....+ |..| -...| ###|.........| |.|..|..| |....| |.. |...|#####-.........| |.----|-----....----|--+-----...|### ---------.- |...........(...................|# # |.-|-----+--.......--|---+---...|# # |.|..| |......{|... |...|# ### |.|..| |.......|....| |...|############### |.----+-----.......|.._.| |...|# --.-.- |.............{....|....| |...|# |>...| |.-------+-------.----------|....# |....| |.-...+| |(((.|.| |]((.|.[.|# |....| ..|.)%.| |(((.-.+ |(((.-.%.|# ------ |.|../*| |(((.|.| |(((.|...| |.---------------.-----------...| |...........@.d@@a.........@....| --------------------------------- Hakan the Lookout Experience level: 5 Strength: 16 Dexterity: 13 Constitution: 14 Intelligence: 13 Wisdom: 13 Charisma: 9 Health: 0(27) Energy: 26(26) Def: 3 Gold: 150 Moves: 1785 Dungeon seed: LE-AAdPa5oHG4LQq Game ID: Hakan_1517682414 Your Inventory: Coins $ - 150 gold pieces Amulets g - an uncursed amulet of magical breathing Weapons a - a +1 elven dagger b - a +1 elven bow (weapon in hand) c - 59 blessed +2 elven arrows w - 5 blessed +0 elven arrows Armor e - an uncursed +2 elven cloak (being worn) n - an uncursed +0 alchemy smock y - an uncursed +0 pair of iron shoes z - an uncursed +0 cloak of invisibility Comestibles f - 3 uncursed lembas wafers x - an uncursed pancake A - an uncursed cream pie Scrolls m - an uncursed scroll of enchant weapon Spellbooks v - an uncursed spellbook of knock Potions k - an uncursed potion of oil Tools p - a +0 pick-axe s - an uncursed mirror t - 7 uncursed tallow candles (0:200) Gems q - 2 uncursed worthless pieces of green glass r - an uncursed worthless piece of yellow glass Spells and supernatural/magical abilities: Name Level Category Fail Memory W - pray for help -- divine ? -- Your skills at the end: Fighting Skills Weapon Skills dagger [Basic] bow [Basic] Spellcasting Skills Final Attributes: You were piously aligned. You were sleep resistant. You had automatic searching. You had infravision. You were stealthy. You are dead. Vanquished creatures: a small mimic 2 gnome lords 3 gnomish wizards 3 dwarves a homunculus a wererat a coyote a brown mold 6 gnomes 3 jackals 2 goblins 5 grid bugs 2 lichens 3 newts 34 creatures vanquished. Voluntary challenges: You were an atheist. You used a wielded weapon 11 times, starting on turn 179. You read items or engraved 1 time, starting on turn 1158. You never genocided any monsters. You never polymorphed an object. You never changed form. You used no wishes. You never split a pudding. You never wrote Elbereth's name. You never violated your personal moral code. Dungeon overview: The Dungeons of Doom: levels 1 to 5 Level 1 a fountain a long staircase Level 2 some fountains Level 3 a fountain Level 4 a scroll shop, a fountain stairs to The Gnomish Mines Level 5 The Gnomish Mines: levels 5 to 7 Level 5 stairs to The Dungeons of Doom Level 7 <- You were here some shops, a temple to Mercury, some fountains History has recorded: On T:1 you entered the Dungeons of Doom to retrieve the Amulet of Yendor! On T:232 you reached level 2 of The Dungeons of Doom. On T:496 you reached level 3 of The Dungeons of Doom. On T:639 you advanced to experience level 2. On T:869 you reached level 4 of The Dungeons of Doom. On T:1211 you reached level 5 of The Dungeons of Doom. On T:1297 you reached level 1 of The Gnomish Mines. On T:1306 you advanced to experience level 3. On T:1348 you advanced to experience level 4. On T:1406 you reached level 3 of The Gnomish Mines. On T:1441 you advanced to experience level 5. Score breakdown: Gold: 150 ( 7412 points) Experience: 5 levels (11141 points) Exploration: 7 levels ( 14.00%) (10497 points) Discoveries: 2 items ( 0.69%) ( 2491 points) Valuables value: (no points given unless you survive) Artifact value: 0 ( 0 points) Variety of kills: 14 monsters ( 3.67%) ( 5750 points) Turncount: 1785 turns ( 0 points) Survival: died (score multiplied by 80%) Total score: 29832 Latest messages: "What lousy pay we're getting here!" (2x) "My feet hurt, I've been on them all day!" (2x) "What lousy pay we're getting here!" "The food's not fit for Orcs!" "What lousy pay we're getting here!" (2x) You hear water falling on coins. "What lousy pay we're getting here!" The coyote bites! You shoot 2 elven arrows. The 1st elven arrow hits the coyote. The 2nd elven arrow hits the coyote. You kill the coyote! The fire ant bites! (2x) You shoot 2 elven arrows. The 1st elven arrow misses the fire ant. The 2nd elven arrow hits the fire ant! The fire ant bites! (2x) The elven arrow misses the fire ant. The fire ant bites! (2x) You're on fire! The fire ant bites! You die... Final status: Goodbye Hakan the Ranger, killed by a fire ant... You died in The Gnomish Mines on dungeon level 7 with 29832 points, and 150 pieces of gold, after 1785 moves. You were level 5 with a maximum of 27 hit points when you died.